 Dungeon Crawl Stone Soup version 0.31.0-11-ge490571c62 (webtiles) character file.

Game seed: 9501060918766921694

3136 SmokeWeed the Covert (level 9, -6/43 HPs)
             Began as a Spriggan Brigand on Feb 2, 2024.
             Mangled by Maggie
             ... wielding a +2 scimitar of flaming
              (12 damage)
             ... on level 8 of the Dungeon on Feb 3, 2024.
             The game lasted 00:28:08 (7896 turns).

SmokeWeed the Covert (Spriggan Brigand)             Turns: 7896, Time: 00:28:09

Health: -6/43      AC:  2    Str:  7    XL:     9   Next: 61%
Magic:  0/16       EV: 24    Int: 12    God:
Gold:   15         SH:  0    Dex: 21    Spells: 12/17 levels left

rFire   + + .        s - +2 short sword (venom)
rCold   . . .        (no shield)
rNeg    . . .        b - +0 robe
rPois   +            (helmet restricted)
rElec   .            q - scarf "Fuil" {shadows, rF++}
rCorr   .            (gloves unavailable)
SInv    +            (boots unavailable)
Will    +....        z - amulet of guardian spirit
Stlth   +++++        L - +5 ring of evasion
HPRegen 0.27/turn    A - ring of poison resistance
MPRegen 0.15/turn

%: guardian spirit
@: very quick
A: very small, no large weapons, unfitting armour, see invisible, speed 3
a: no special abilities


You were on level 8 of the Dungeon.
You visited 2 branches of the dungeon, and saw 9 of its levels.

You collected 447 gold pieces.
You spent 432 gold pieces at shops.

Inventory:

Hand Weapons
 a - a +2 dagger
 l - a +2 dagger of protection
 m - a +1 long sword of holy wrath
 s - a +2 short sword of venom (weapon)
 w - a +2 quarterstaff of chaos
 F - a +2 orcbow of electrocution
Missiles
 d - 20 poisoned darts
 v - 8 boomerangs (quivered)
Armour
 b - a +0 robe (worn)
 c - a +1 cloak
 h - a +0 buckler
 o - a +0 leather armour
 q - the scarf "Fuil" (worn) {shadows, rF++}
   (You found it on level 3 of the Dungeon)

   rF++:      It greatly protects you from fire.
Magical Staves
 t - a staff of air
Jewellery
 f - a ring of protection from fire
 z - an amulet of guardian spirit (around neck)
 A - a ring of poison resistance (right hand)
 C - a ring of fire
 L - a +5 ring of evasion (left hand)
Wands
 n - a wand of charming (8)
Scrolls
 i - 2 scrolls of noise
 u - a scroll of teleportation
 D - a scroll of immolation {unknown}
 H - 2 scrolls of amnesia {unknown}
 I - a scroll of fog
 J - 2 scrolls of identify
Potions
 g - 5 potions of lignification
 j - a potion of enlightenment {unknown}
 k - 2 potions of curing
 p - a potion of brilliance
 r - 2 potions of heal wounds
 x - 4 potions of degeneration
 B - 3 potions of attraction
 E - a potion of berserk rage {unknown}
 G - a potion of mutation {unknown}
 K - 2 potions of resistance {unknown}


   Skills:
 + Level 2.9 Fighting
 + Level 3.7(4.6) Short Blades
 + Level 3.1(3.6) Long Blades
 + Level 7.1 Ranged Weapons
 + Level 3.7 Throwing
 * Level 4.1 Dodging
 + Level 9.9 Stealth
 + Level 4.6 Spellcasting
 + Level 4.5 Hexes
 * Level 0.1 Summonings
 + Level 3.1 Ice Magic
 + Level 1.2 Evocations


You had 12 spell levels left.
You knew the following spells:

 Your Spells              Type           Power      Damage    Failure   Level
a - Ensorcelled Hibernat  Hex/Ice        22%        N/A       7%          2
b - Summon Ice Beast      Ice/Summ       6%         N/A       32%         3

Your spell library contained the following spells:

 Spells                   Type           Power      Damage    Failure   Level
 Sting                    Conj/Alch      8%         1d3       22%         1
 Mercury Vapours          Alch/Air       4%         N/A       32%         2
 Hailstorm                Conj/Ice       6%         3d5       32%         3
 Fugue of the Fallen      Necr           2%         N/A       54%         3
 Anguish                  Hex/Necr       4%         N/A       63%         4
 Olgreb's Toxic Radiance  Alch           2%         N/A       91%         4
 Summon Forest            Summ/Tloc      1%         N/A       99%         5
 Eringya's Noxious Bog    Alch           1%         4d6       100%        6
 Sculpt Simulacrum        Ice/Alch       3%         N/A       100%        6
 Summon Hydra             Summ           1%         N/A       100%        7


Dungeon Overview and Level Annotations

Branches:
Dungeon (8/15)             Temple (1/1) D:4
   Lair: D:8-11

Altars:
Ashenzari
Cheibriados
Dithmenos
Elyvilon
Hepliaklqana
Kikubaaqudgha
Nemelex Xobeh
Okawaru
Qazlal
Ru
Sif Muna
Uskayaw
Wu Jian
Xom
Yredelemnul
Zin
The Shining One

Shops:
D:2 *   D:8 =

Annotations:
D:8 Maggie, Prince Ribbit


Innate Abilities, Weirdness & Mutations

You are very small and have problems with some larger weapons.
You are too small for most types of armour.
You have supernaturally acute eyesight. (SInv)
You cover ground extremely quickly. (Speed+++)


Message History

Maggie gestures at you while chanting. The bolt of fire hits you! You resist.
Throw: 8 boomerangs
Press: ? - help, Q - select action, (/) - cycle Shift-Dir - straight line, f/p - Maggie
Aim: Maggie, wielding a +2 scimitar of flaming and wearing +0 acid dragon scales (severely wounded, very poisoned, slow, 62% to hit)
You throw a boomerang. The boomerang barely misses Maggie.
Maggie points at you and mumbles some strange words.
The bolt of fire misses you.
Throw: 8 boomerangs
Press: ? - help, Q - select action, (/) - cycle Shift-Dir - straight line, f/p - Maggie
Aim: Maggie, wielding a +2 scimitar of flaming and wearing +0 acid dragon scales (severely wounded, poisoned, slow, 62% to hit)
You throw a boomerang.
The boomerang hits Maggie but does no damage.
Maggie is severely wounded.
Maggie is no longer moving slowly.
Throw: 8 boomerangs
Press: ? - help, Q - select action, (/) - cycle Shift-Dir - straight line, f/p - Maggie
Aim: Maggie, wielding a +2 scimitar of flaming and wearing +0 acid dragon scales (severely wounded, poisoned, 62% to hit)
You throw a boomerang. The boomerang closely misses Maggie.
Maggie gestures at you while chanting. The bolt of fire hits you! You resist.
* * * LOW HITPOINT WARNING * * *
Items here: ( ))) [[ †.
Things that are here:
18 gold pieces; a +0 vampiric spear You barely miss Maggie.
Maggie is severely wounded.
Maggie casts a spell at you. The bolt of fire misses you.
You closely miss Maggie.
Maggie is severely wounded.
Maggie gestures at you while chanting. The bolt of fire hits you. You resist.
* * * LOW HITPOINT WARNING * * *
You hit Maggie.
Maggie is severely wounded.
You hit Maggie but do no damage.
Maggie looks even sicker.
Maggie is severely wounded.
Maggie hits you with a +2 scimitar of flaming!
You die...

####........
######### #
## # .. .
#.# .. #..
###
.###.##### #
..(..@@).# #
[.....)###
.......#
.......#
.......#
.......#
.......#
###.#### ..


You could see Maggie (very poisoned).

Vanquished Creatures
  A steam dragon (D:7)
  A wraith (D:7)
  3 yaks
  Menkaure (D:4)
  A water moccasin (D:6)
  An orc warrior (D:7)
  A sky beast (D:7)
  4 black bears
  An ice beast (D:5)
  2 ogres
  2 kobold brigands
  3 bullfrogs
  Blork the orc (D:4)
  2 scorpions
  2 wights (D:8)
  4 howler monkeys
  A hound (D:4)
  A jelly (D:5)
  2 orc priests (D:7)
  A gnoll bouda (D:8)
  4 iguanas
  2 sleepcaps
  Crazy Yiuf (D:3)
  2 orc wizards
  5 gnolls (D:8)
  11 adders
  2 shadow imps (D:5)
  A white imp (D:6)
  3 ribbon worms
  24 orcs
  5 bats
  3 endoplasms
  A giant cockroach (D:3)
  9 goblins
  5 hobgoblins
  5 jackals (D:1)
  17 kobolds
  6 quokkas
  8 ball pythons
  7 frilled lizards
  9 rats
165 creatures vanquished.

Vanquished Creatures (others)
  A butterfly (D:3)
1 creature vanquished.

Grand Total: 166 creatures vanquished

Notes
Turn   | Place    | Note
-------+----------+-------------------------------------------
     0 | D:1      | SmokeWeed the Spriggan Brigand began the quest for the Orb.
     0 | D:1      | Reached XP level 1. HP: 10/10 MP: 2/2
    18 | D:1      | Reached skill level 6 in Stealth
   138 | D:1      | Reached XP level 2. HP: 14/14 MP: 3/3
   435 | D:1      | Reached XP level 3. HP: 18/18 MP: 4/4
   650 | D:1      | Reached skill level 7 in Stealth
  1404 | D:2      | Found Denanlyl's General Store.
  1568 | D:3      | Found a white marble altar of Elyvilon.
  1650 | D:3      | Found a faded altar of an unknown god.
  1659 | D:3      | Reached XP level 4. HP: 16/23 MP: 5/5
  1767 | D:3      | Identified the scarf "Fuil" {shadows, rF++}
  2064 | D:3      | Reached skill level 1 in Long Blades
  2512 | D:3      | Found a runed translucent door.
  2513 | D:3      | Noticed Crazy Yiuf
  2523 | D:3      | Killed Crazy Yiuf
  2524 | D:3      | Reached XP level 5. HP: 26/26 MP: 6/6
  2846 | D:4      | Reached skill level 8 in Stealth
  2849 | D:4      | Learned a level 2 spell: Ensorcelled Hibernation
  3005 | D:4      | Noticed Menkaure
  3011 | D:4      | Killed Menkaure
  3012 | D:4      | Reached skill level 1 in Spellcasting
  3012 | D:4      | Reached skill level 1 in Hexes
  3012 | D:4      | Reached XP level 6. HP: 6/30 MP: 6/8
  3176 | D:4      | Noticed Blork the orc
  3179 | D:4      | Killed Blork the orc
  3247 | D:4      | Reached skill level 1 in Ice Magic
  3691 | D:4      | Found a broken altar of Ashenzari.
  3704 | D:4      | Found a shimmering altar of Xom.
  3809 | D:4      | Found a staircase to the Ecumenical Temple.
  3875 | Temple   | Entered the Ecumenical Temple
  3969 | D:5      | Entered Level 5 of the Dungeon
  4138 | D:5      | Reached XP level 7. HP: 35/35 MP: 11/11
  5126 | D:6      | Reached skill level 9 in Stealth
  5126 | D:6      | Reached XP level 8. HP: 22/39 MP: 11/13
  5856 | D:6      | Found a stormy altar of Qazlal.
  6041 | D:6      | Found a hide-covered altar of Uskayaw.
  6070 | D:6      | Found an ancient bone altar of Kikubaaqudgha.
  6143 | D:6      | Reached skill level 1 in Evocations
  6382 | D:7      | Found an iron altar of Okawaru.
  6551 | D:7      | Reached skill level 1 in Ranged Weapons
  6759 | D:7      | Found a sparkling altar of Nemelex Xobeh.
  6954 | D:7      | Reached XP level 9. HP: 22/43 MP: 6/16
  7583 | D:8      | Found Iluik's Jewellery Emporium.
  7591 | D:8      | Reached skill level 5 in Ranged Weapons
  7607 | D:8      | Bought a +5 ring of evasion for 432 gold pieces
  7646 | D:8      | Noticed Prince Ribbit
  7831 | D:7      | Learned a level 3 spell: Summon Ice Beast
  7881 | D:8      | Noticed Maggie
  7896 | D:8      | Mangled by Maggie

Illustrated notes

Levels and vault maps discovered:
D:1:      dpeg_arrival_simpleton_a, layout_basic, st_stairs_13
D:2:      layout_loops_cross, serial_shops, shop
D:3:      minmay_bubble_buster, layout_basic, nicolae_elyvilon_peaceful_grove,
          hellmonk_ecumenical_altar_zigzags, uniq_crazy_yiuf_cottage
D:4:      nicolae_cairo_tiling_large_dashed, layout_loops_ring,
          mainiacjoe_overflow_big_doors, temple_hall_moat, saegor_snake_ambush,
          uniq_blork_the_orc, uniq_menkaure
D:5:      layout_basic
D:6:      layout_basic, mainiacjoe_overflow_swirl, mainiacjoe_overflow_24_doors
D:7:      layout_rooms, mainiacjoe_overflow_surrounded_room,
          nemelex_xobeh_ov_fountains_minmay
D:8:      layout_rooms, trog_wizard, demons_altar, nicolae_gozag_seed_capital,
          serial_shops, shop, uniq_maurice, uniq_jeremiah, uniq_prince_ribbit1,
          uniq_maggie, uniq_erica
Temple:   hellmonk_temple_rainy

Skill      XL: |  1  2  3  4  5  6  7  8  9 |
---------------+----------------------------+-----
Stealth        | 6 7 8 9 |  9.9
Short Blades   | 3 |  3.7
Long Blades    | 1 2 3 |  3.1
Dodging        | 2 3 4 |  4.1
Fighting       | 2 |  2.9
Spellcasting   | 1 2 3 4 |  4.6
Hexes          | 1 2 3 4 |  4.5
Ice Magic      | 1 2 3 |  3.1
Throwing       | 3 |  3.7
Evocations     | 1 |  1.2
Ranged Weapons | 2 7 |  7.1
Summonings     | |  0.1

Action                     |  1- 3 |  4- 6 |  7- 9 || total
---------------------------+-------+-------+-------++-------
  Melee: Dagger            |    66 |       |    83 ||   149
         Punch             |     1 |       |     1 ||     2
         Long sword        |    20 |   111 |    46 ||   177
         Short sword       |       |       |    82 ||    82
   Fire: Orcbow            |       |       |    84 ||    84
  Throw: Dart              |     9 |    39 |    30 ||    78
         Boomerang         |       |       |     3 ||     3
   Cast: Ensorcelled Hiber |       |       |    33 ||    33
  Evoke: Wand              |       |     7 |    11 ||    18
    Use: Scroll            |       |       |    12 ||    12
   Stab: Sleeping          |    17 |    15 |    21 ||    53
         Distracted        |       |     1 |       ||     1
 Armour: Robe              |    23 |    42 |    86 ||   151
  Dodge: Dodged            |    59 |    84 |   209 ||   352
  Block: Buckler           |       |       |     6 ||     6
